 Dungeon Crawl Stone Soup version 0.25-a0-786-g5b70d41e48 (webtiles) character file.

Game seed: 16621192654556883769, levelgen mode: deterministic

317 Avesha the Chopper (level 6, 0/55 HPs)
             Began as a Hill Orc Fighter on Apr 17, 2020.
             Was an Initiate of Dithmenos.
             Succumbed to a scorpion's poison
             ... on level 4 of the Dungeon on Apr 18, 2020.
             The game lasted 00:45:41 (2421 turns).

Avesha the Chopper (Hill Orc Fighter)               Turns: 2421, Time: 00:45:42

Health: 0/55       AC:  7    Str: 21    XL:     6   Next: 45%
Magic:  6/6        EV: 13    Int:  8    God:    Dithmenos [......]
Gold:   119        SH:  9    Dex: 10    Spells: 5/5 levels left

rFire    . . .     SeeInvis .   a - +0 war axe
rCold    . . .     Gourm    .   c - +0 kite shield
rNeg     . . .     Faith    .   b - +0 scale mail
rPois    .         Spirit   .   (no helmet)
rElec    .         Reflect  .   (no cloak)
rCorr    .         Harm     .   (no gloves)
MR       .....                  (no boots)
Stlth    ..........             (no amulet)
HPRegen  0.18/turn              o - +5 ring of evasion
MPRegen  0.10/turn              (no ring)

@: lethally poisoned (0 -> -11)
A: no striking features
a: Renounce Religion


You were on level 4 of the Dungeon.
You worshipped Dithmenos.
Dithmenos was noncommittal.
You were not hungry.

You visited 1 branch of the dungeon, and saw 6 of its levels.

You collected 119 gold pieces.

Inventory:

Hand Weapons
 a - a +0 war axe (weapon)
 e - a +0 club
 g - a +0 whip
 h - a +0 club
 l - a +0 spear
 n - a +0 short sword
 r - a +0 dagger
 u - a +0 mace
 z - a cursed -1 hunting sling
Missiles
 k - 20 stones (quivered)
 m - 9 poisoned darts
 q - 14 arrows
Armour
 b - a +0 scale mail (worn)
 c - a +0 kite shield (worn)
 j - a +0 leather armour
Jewellery
 o - a +5 ring of evasion (left hand)
 w - a +3 amulet of reflection {unknown}
Wands
 t - a wand of flame (29)
Scrolls
 p - a scroll of remove curse
 s - a scroll of amnesia
 v - a scroll of random uselessness {unknown}
 y - 3 scrolls of identify {unknown}
 A - 3 scrolls of immolation {unknown}
 C - a scroll of enchant armour {unknown}
Potions
 d - 2 potions of might
Comestibles
 f - 2 rations


   Skills:
 + Level 4.8 Fighting
 + Level 5.5(5.6) Axes
 + Level 0.8(3.0) Maces & Flails
 + Level 4.2 Armour
 + Level 0.9 Dodging
 + Level 0.6 Stealth
 + Level 4.5 Shields


You had 5 spell levels left.
You didn't know any spells.
Your spell library was empty.

Dungeon Overview and Level Annotations

Branches:
Dungeon (6/15)
 Temple: D:4-7

Altars:
Dithmenos
Vehumet

Shops:
D:5 }

Annotations:
D:6 Menkaure


Message History

You feel sick. You block the scorpion's attack.
You slash the scorpion!
The scorpion is heavily wounded.
* * * LOW HITPOINT WARNING * * *
You feel sick. The scorpion barely misses you. x2
You slash the scorpion!
The scorpion is almost dead.
* * * LOW HITPOINT WARNING * * *
You feel sick. The scorpion closely misses you.
Your shield and scale mail prevent you from hitting the scorpion.
The scorpion is almost dead.
* * * LOW HITPOINT WARNING * * *
You feel sick. You block the scorpion's attack.
You completely miss the scorpion.
The scorpion is almost dead.
* * * LOW HITPOINT WARNING * * *
You feel sick. You block the scorpion's attack.
You barely miss the scorpion.
The scorpion is almost dead.
You die...

.. .# ....... #.#
## .......# #.# ..
.......###.# .####
$.........####.....
..................
#..##...........
##.......@s####
#.....#.......#
#.....#.......#
#.>...+.......+
#.....#.......#
#!....#.......#
#.....#.......#
#.....#.......#
#.....#####...#


You could see a scorpion.

Vanquished Creatures
  A bullfrog (D:6)
  A centaur skeleton (D:5)
  2 worker ants
  A hound skeleton (D:5)
  10 adders
  A worm (D:2)
  A dart slug (D:1)
  5 leopard geckos
  4 orcs (D:3)
  A ball python (D:2)
  3 bats
  5 giant cockroaches
  11 goblins
  5 hobgoblins
  2 quokkas
  4 frilled lizards
  7 kobolds
  8 rats
72 creatures vanquished.

Notes
Turn   | Place    | Note
-------+----------+-------------------------------------------
     0 | D:1      | Avesha the Hill Orc Fighter began the quest for the Orb.
     0 | D:1      | Reached XP level 1. HP: 19/19 MP: 1/1
    97 | D:1      | Reached XP level 2. HP: 24/27 MP: 2/2
   372 | D:1      | Reached skill level 3 in Axes
   417 | D:1      | Reached XP level 3. HP: 33/33 MP: 3/3
   885 | D:2      | Reached XP level 4. HP: 40/40 MP: 4/4
  1065 | D:2      | Reached XP level 5. HP: 37/47 MP: 5/5
  1148 | D:2      | Reached skill level 4 in Axes
  1611 | D:3      | Found a shadowy altar of Dithmenos.
  1619 | D:3      | Became a worshipper of Dithmenos the Shadowed
  1712 | D:3      | You fall into a shaft and drop 3 floors!
  1762 | D:6      | Found a radiant altar of Vehumet.
  1804 | D:6      | Noticed Menkaure
  1884 | D:6      | Reached skill level 5 in Axes
  1884 | D:6      | Reached XP level 6. HP: 52/53 MP: 6/6
  1989 | D:5      | Entered Level 5 of the Dungeon
  2060 | D:5      | Found Tipt's Gadget Shoppe.
  2062 | D:5      | Noticed a sky beast
  2366 | D:5      | HP: 2/55 [scorpion (3)]
  2409 | D:4      | HP: 2/55 [poisoned by a scorpion]
  2419 | D:4      | HP: 2/55 [poisoned by a scorpion]
  2421 | D:4      | Succumbed to a scorpion's poison

Levels and vault maps discovered:
D:1:      wander_arrival_estate, layout_basic
D:2:      layout_rooms, hangedman_decor_points, hangedman_decor_lopped
D:3:      layout_loops_ring, nicolae_dithmenos_shadow_blocks
D:4:      layout_basic, grunt_temple_overflow_cloverleaf,
          biasface_ghost_orc_armoury, uniq_edmund, uniq_crazy_yiuf_cottage
D:5:      layout_cave_pods, nicolae_overflow_crystal_walls, first_ration,
          serial_shops, shop_statue
D:6:      layout_loops_corners, overflow_temple_1_default, uniq_menkaure

Skill      XL: |  1  2  3  4  5 |
---------------+----------------+-----
Fighting       | 4 |  4.8
Axes           | 3 5 |  5.5
Shields        | 4 |  4.5
Armour         | 4 |  4.2
Maces & Flails | |  0.8
Dodging        | |  0.9
Stealth        | |  0.6

Action                   |  1- 3 |  4- 6 || total
-------------------------+-------+-------++-------
Melee: War axe           |   113 |   177 ||   290
       Whip              |     5 |       ||     5
Throw: Stone             |     3 |       ||     3
  Use: Scroll            |       |     3 ||     3
       Potion            |       |     2 ||     2
  Eat: Ration            |       |     2 ||     2
       Chunk             |       |     1 ||     1
Armor: Scale mail        |    71 |    44 ||   115
Dodge: Dodged            |    35 |    93 ||   128
Block: Kite shield       |    66 |   103 ||   169

Table legend:
 A = Non-vault XP
 B = Vault XP
 C = Vault XP percentage of total XP
 D = Non-vault monster count
 E = Vault monster count
 F = Vault count percentage of total count
                 A         B        C        D         E       F
            +---------+---------+-------+---------+---------+-------
      Total |     454 |       0 |   0.0 |      72 |       0 |   0.0
            +---------+---------+-------+---------+---------+-------
        D:1 |      46 |       0 |   0.0 |      25 |       0 |   0.0
        D:2 |     145 |       0 |   0.0 |      22 |       0 |   0.0
        D:3 |      39 |       0 |   0.0 |      14 |       0 |   0.0
        D:5 |     126 |       0 |   0.0 |       9 |       0 |   0.0
        D:6 |      98 |       0 |   0.0 |       2 |       0 |   0.0
            +---------+---------+-------+---------+---------+-------
